 Dungeon Crawl Stone Soup version 0.14-a0-3315-g09e681a (webtiles) character file.

371 Psiweapon the Ruffian (level 5, -2/50 HPs)
             Began as a Troll Monk on Mar 15, 2014.
             Slain by a crocodile (12 damage)
             ... in a sewer.
             The game lasted 00:07:53 (2255 turns).

Psiweapon the Ruffian (Troll Monk)                  Turns: 2255, Time: 00:07:53

HP  -2/50        AC  5     Str 20      XL: 5   Next: 96%
MP   2/2         EV 11     Int  6      God:
Gold 110         SH  0     Dex 12      Spells:  0 memorised,  4 levels left

rFire  + . .     SeeInvis .       - Unarmed
rCold  . . .     Clarity  .     a - +0 robe
rNeg   . . .     Conserve .     (shield restricted)
rPois  .         rCorr    .     (helmet restricted)
rElec  .         rRot     .     (no cloak)
SustAb . .       Spirit   .     (gloves unavailable)
rMut   .         Warding  .     (boots unavailable)
Gourm  +         Stasis   .     (no amulet)
MR     .....                    q - ring of protection from fire {unknown}
                                h - ring of flight

@: not resistant to hostile enchantments, unstealthy
A: unfitting armour, claws 3, fast metabolism 3, gourmand, regeneration 2,
saprovore 2, shaggy fur 1, tough skin 2
a: Evoke Flight


You were in a sewer.
You were completely stuffed.

You visited 1 branch of the dungeon, and saw 3 of its levels.
You also visited: Sewer.

You collected 110 gold pieces.

Inventory:

Missiles
 c - 32 stones (quivered)
 o - 25 sling bullets
 s - 30 bolts
 y - 2 darts of dispersal
Armour
 a - a +0 robe (worn)
Comestibles
 b - 2 meat rations
 m - 2 apples
 t - a chunk of bat flesh
 z - a rotting chunk of adder flesh
 B - a rotting chunk of bat flesh
Scrolls
 d - 5 scrolls of identify {unknown}
 e - a scroll of fog {unknown}
 f - a scroll of random uselessness {unknown}
 i - 4 scrolls of remove curse {unknown}
 j - 3 scrolls of teleportation {unknown}
 k - 2 scrolls of magic mapping {unknown}
 n - a scroll of noise {unknown}
 w - a scroll of blinking {unknown}
 C - a scroll of enchant weapon I {unknown}
Jewellery
 h - a ring of flight (left claw)
 q - a ring of protection from fire (right claw) {unknown}
Potions
 g - a potion of curing {unknown}
 l - a potion of restore abilities {unknown}
 p - a potion of agility {unknown}
 r - a potion of heal wounds {unknown}
 A - a potion of invisibility {unknown}


   Skills:
 - Level 2.4 Fighting
 + Level 4.3 Dodging
 - Level 1.1 Stealth
 + Level 5.8 Unarmed Combat


You had 4 spell levels left.
You didn't know any spells.

Dungeon Overview and Level Annotations

Branches:
Dungeon (3/15)

Altars:
Cheibriados


Innate Abilities, Weirdness & Mutations

You are too large for most types of armour.
You have claws for hands.
Your metabolism is lightning-fast.
You like to eat raw meat.
You heal very quickly.
You can eat rotten meat.
You are covered in fur (AC +1).
You have very tough skin (AC +2).


Message History

The crocodile bites you!
* * * LOW HITPOINT WARNING * * *
You hit the crocodile.
The crocodile is severely wounded.
The crocodile misses you.
You claw the crocodile!
The crocodile is almost dead.
You closely miss the crocodile.
The crocodile is almost dead.
The crocodile misses you.
You barely miss the crocodile.
The crocodile is almost dead.
The crocodile barely misses you.
You hit the crocodile but do no damage.
The crocodile is almost dead.
The crocodile bites you but does no damage.
You hit the crocodile but do no damage.
The crocodile is almost dead.
The crocodile bites you!
You die...

#.# #.# #######
#.# ##.....## #.#
#...≈...## #.#
...≈≈≈...#######.#
∩.≈≈≈≈≈..........#
...≈≈≈...#######.#
#...≈...## #@#
##.....## #t#
####### #(# .(.
... ..... .....
....... $!$


You could see a crocodile (bleeding).

Vanquished Creatures
  An orc priest (D:3)
  A worker ant (D:3)
  Ijyb (D:3)
  Jessica (D:2)
  8 adders
  A shadow imp (D:3)
  A worm (D:3)
  5 giant geckos
  5 orcs (D:3)
  2 ball pythons
  4 giant cockroaches
  9 goblins
  6 hobgoblins
  4 jackals (D:3)
  An ooze (D:3)
  10 bats
  4 giant newts
  15 kobolds
  A quokka (D:3)
  10 rats
90 creatures vanquished.

Notes
Turn   | Place    | Note
--------------------------------------------------------------
     0 | D:1      | Psiweapon, the Troll Monk, began the quest for the Orb.
     0 | D:1      | Reached XP level 1. HP: 22/22 MP: 1/1
   399 | D:1      | Reached XP level 2. HP: 29/29 MP: 1/1
   917 | D:2      | Found a snail-covered altar of Cheibriados.
   917 | D:2      | Noticed Jessica
   925 | D:2      | Killed Jessica
   925 | D:2      | Reached XP level 3. HP: 33/36 MP: 2/2
  1260 | D:2      | Reached XP level 4. HP: 44/44 MP: 2/2
  1552 | D:2      | Reached skill level 5 in Unarmed Combat
  1642 | D:3      | Noticed Ijyb
  1652 | D:3      | Killed Ijyb
  1671 | D:3      | Reached XP level 5. HP: 50/50 MP: 2/2
  2173 | D:3      | Found a glowing drain.
  2192 | Sewer    | Entered a sewer
  2255 | Sewer    | Slain by a crocodile

Action                   |  1- 3 |  4- 6 || total
-------------------------+-------+-------++-------
Melee: Unarmed           |    84 |   140 ||   224
Throw: Stone             |       |     2 ||     2
 Stab: Sleeping          |     2 |       ||     2
